 Dungeon Crawl Stone Soup version 0.28-a0-1594-ga885d4b3d6 (webtiles) character file.

Game seed: 3784766245066296793

70 fragbeetle the Chopper (level 4, 0/40 HPs)
             Began as a Hill Orc Monk on Jan 20, 2022.
             Slain by an orc wizard (4 damage)
             ... on level 1 of the Dungeon.
             The game lasted 00:02:05 (823 turns).

fragbeetle the Chopper (Hill Orc Monk)               Turns: 823, Time: 00:02:06

Health: 0/40       AC:  2    Str: 15    XL:     4   Next: 21%
Magic:  4/4        EV: 12    Int: 10    God:
Gold:   35         SH:  0    Dex: 13    Spells: 3/3 levels left

rFire   . . .      SeeInvis .   c - +2 hand axe (freeze)
rCold   . . .      Faith    .   (no shield)
rNeg    . . .      Spirit   .   b - +0 robe
rPois   .          Reflect  .   (no helmet)
rElec   .          Harm     .   (no cloak)
rCorr   .          Rampage  .   (no gloves)
Will    .....                   (no boots)
Stlth   ++........              (no amulet)
HPRegen 0.13/turn               (no ring)
MPRegen 0.09/turn               (no ring)

@: no status effects
A: no striking features
a: no special abilities


You were on level 1 of the Dungeon.
You visited 1 branch of the dungeon, and saw 2 of its levels.

You collected 35 gold pieces.

Inventory:

Hand Weapons
 a - a +0 hand axe
 c - a +2 hand axe of freezing (weapon)
Armour
 b - a +0 robe (worn)
Jewellery
 f - an amulet of regeneration
Scrolls
 e - a scroll of noise {unknown}
 g - a scroll of identify {unknown}
 h - a scroll of enchant weapon {unknown}
Potions
 d - 2 potions of curing {unknown}


   Skills:
 - Level 4.0 Fighting
 * Level 5.2 Axes
 + Level 1.5 Armour
 + Level 2.8 Dodging
 - Level 1.7 Stealth


You had 3 spell levels left.
You didn't know any spells.
Your spell library was empty.

Dungeon Overview and Level Annotations

Branches:
Dungeon (2/15)

Altars:


Message History

The orc is heavily wounded.
The orc hits you with a +0 hand axe.
You hit the orc but do no damage.
The orc is heavily wounded.
The orc closely misses you.
You hit the orc. You freeze the orc.
You kill the orc!
The orc priest looks satisfied for a moment.
You slash the orc! You freeze the orc.
You kill the orc!
You hit the hobgoblin. You freeze the hobgoblin.
The hobgoblin is severely wounded.
The hobgoblin hits you.
You slash the hobgoblin! You freeze the hobgoblin.
You kill the hobgoblin!
An adder comes into view.
The adder hisses angrily.
You hit the orc priest. You freeze the orc priest.
The orc priest is heavily wounded.
The orc priest barely misses you.
You hit the orc priest. You freeze the orc priest.
The orc priest is almost dead.
The orc priest looks satisfied for a moment.
The orc priest mumbles some strange prayers to Beogh against you.
Beogh smites you!
Ouch! That really hurt!
* * * LOW HITPOINT WARNING * * *
You hit the orc priest. You freeze the orc priest.
You kill the orc priest!
Something hits you but does no damage.
Your Axes skill increases to level 5!
You have reached level 4!
There is a stone staircase leading up here.
Something hits you.
* * * LOW HITPOINT WARNING * * *
You climb upwards.
Reactivating autopickup.
There is a stone staircase leading down here.
Something hits you.
You die...

≈'...##'###+##...'≈≈≈...###.##.##
≈'...'.......'...'≈≈≈....##.##.##
≈#'###.#####.###'#≈≈≈....##......
≈≈≈#...#...#...'≈≈≈≈≈....#.......
≈≈≈'.⌠.'...###.#≈≈≈≈≈....#.###.#.
≈≈≈'.⌠.'.<.###.#≈≈≈≈≈....#.###.#.
≈≈≈#...#...#...'≈≈≈≈≈...##.##..#.
≈#+#'#.#####.###'#≈≈≈...##.##.##.
≈'...#.......#..@'≈≈≈....#.##.##.
≈'(..##+###'##..>'≈≈≈............
≈#+#'#≈≈≈≈≈≈≈#+#'#≈≈≈....####.###
≈≈≈≈≈≈≈≈≈≈≈≈≈≈≈≈≈≈≈≈≈...#####.#
≈≈≈≈≈≈≈≈≈≈≈≈≈≈≈≈≈≈≈≈≈...#.....#
≈≈≈≈≈≈≈≈≈≈≈≈≈≈≈≈≈≈≈≈≈.....#####
.........................##
......................####
...........############


There were no monsters in sight!

Vanquished Creatures
  An orc priest (D:2)
  A gnoll (D:1)
  A dart slug (D:1)
  3 orcs (D:2)
  2 ball pythons (D:1)
  4 bats (D:1)
  2 endoplasms (D:1)
  A giant cockroach (D:1)
  A goblin (D:1)
  3 hobgoblins
  A quokka (D:1)
  6 rats (D:1)
26 creatures vanquished.

Notes
Turn   | Place    | Note
-------+----------+-------------------------------------------
     0 | D:1      | fragbeetle the Hill Orc Monk began the quest for the Orb.
     0 | D:1      | Reached XP level 1. HP: 19/19 MP: 1/1
   274 | D:1      | Found a faded altar of an unknown god.
   288 | D:1      | Reached XP level 2. HP: 27/27 MP: 2/2
   369 | D:1      | Reached XP level 3. HP: 33/33 MP: 3/3
   388 | D:1      | Reached skill level 1 in Armour
   813 | D:2      | Reached skill level 5 in Axes
   813 | D:2      | Reached XP level 4. HP: 6/40 MP: 4/4
   823 | D:1      | Slain by an orc wizard

Illustrated notes

Levels and vault maps discovered:
D:1:      dpeg_arrival_castle, layout_loops_cross,
          hellmonk_ecumenical_altar_crossroads
D:2:      layout_loops_cross

Skill      XL: |  1  2  3 |
---------------+----------+-----
Armour         | 1 |  1.5
Fighting       | 4 |  4.0
Axes           | 5 |  5.2
Dodging        | |  2.8
Stealth        | |  1.7

Action                   |  1- 3 |  4- 6 || total
-------------------------+-------+-------++-------
Melee: Hand axe          |    66 |       ||    66
       Punch             |     1 |       ||     1
 Stab: Sleeping          |     4 |       ||     4
Armor: Robe              |    15 |       ||    15
Dodge: Dodged            |    48 |       ||    48

Table legend: (Time is in decaauts)
 A = Elapsed time spent in this place.
 B = Non-inter-level travel time spent in this place.
 C = Inter-level travel time spent in this place.
 D = Time resting spent in this place.
 E = Time spent auto-exploring this place.
 F = Levels seen in this place.
 G = Mean time per level.
                   A        B        C        D        E       F      G
               +--------+--------+--------+--------+--------+-----+--------+
         Total |    830 |    822 |      8 |      0 |    600 |   2 |  415.0 |
       Dungeon |    830 |    822 |      8 |      0 |    600 |   2 |  415.0 |
               +--------+--------+--------+--------+--------+-----+--------+

Top non-repeatable levels by time:
     D:1: 729 daAuts
     D:2: 100 daAuts
